Map: King's Cove LE

Players

IIIIIIIIIIII

  • Race: Zerg Zerg
  • League: Diamond
  • Spawn Location: 11:00

llllllllllll - Winner!

  • Race: Zerg Zerg
  • League: Diamond
  • Spawn Location: 5:00

VOD

Have the link to the VOD?

Description

Time

  • Played on: April 25, 2025, 9:59 a.m.
  • Length: 3:20
Show
View Real Time Build Order
Export as new Build Order

IIIIIIIIIIII Zerg 

Build Orders: Hatch First 

Get SALT Encoding   

  12  0:00  Drone  
  13  0:07  Drone  
  14  0:14  Extractor  
  14  0:15  Drone  
  15  0:22  Overlord  
  15  0:40  Drone x2  
  17  0:51  Hatchery  
  17  0:54  Drone  
  17  0:57  Drone  
  18  1:08  Extractor  
  17  1:13  Spawning Pool  
  17  1:16  Drone  
  17  1:19  Drone  
  18  1:26  Drone  
  19  1:36  Overlord  
  19  1:47  Drone  
  20  1:59  Queen  
  20  2:00  Zergling x2  
  23  2:03  Queen  
  23  2:04  Zergling x2  
  26  2:14  Drone  
  27  2:16  Drone  
  28  2:33  Hatchery  
  28  2:36  Drone  
  28  2:38  Drone  
  28  2:42  Drone  
  30  2:44  Drone  
  30  2:46  Drone  
  30  2:49  Drone  
  33  2:52  Drone  
  34  3:04  Evolution Chamber  
  33  3:05  Spine Crawler  
  33  3:09  Spine Crawler  
  31  3:14  Evolution Chamber  
Show
View Real Time Build Order
Export as new Build Order

llllllllllll Zerg - Winner!

Build Orders: Hatch First 

Get SALT Encoding   

  12  0:00  Drone  
  13  0:09  Drone  
  13  0:14  Drone, Extractor  
  15  0:36  Hatchery  
  15  0:38  Extractor  
  15  0:41  Drone  
  14  0:58  Spawning Pool  
  14  1:01  Drone  
  14  1:12  Overlord  
  14  1:44  Metabolic Boost  
  14  1:47  Queen  
  14  1:48  Zergling x4  
  14  1:50  Zergling x2  
  19  1:54  Zergling x2  
  21  2:01  Zergling x4  
  22  2:09  Overlord  
  22  2:12  Zergling x2  
  23  2:20  Zergling x2  
  24  2:27  Zergling x2  
  25  2:31  Zergling x2  
  25  2:34  Zergling x2  
  27  2:44  Zergling x4  
  29  2:52  Zergling x2  
  29  2:57  Zergling x8  
Tags
 
Add a new tag
Caveats
  • Supply blocks, unpowered buildings, or Contaminate may cause inaccurate times.
  • Supply counts are checked every 10 seconds.